 Dungeon Crawl Stone Soup version 0.30-a0-778-g2ef04afb54 (webtiles) character file.

Game seed: 9234111022934586587

9529 AndrolTheGreedy the Carver (level 11, -1/97 HPs)
             Began as a Hill Orc Gladiator on Feb 15, 2023.
             Was a Follower of Beogh.
             Slain by a manticore (8 damage)
             ... on level 11 of the Dungeon on Feb 16, 2023.
             The game lasted 01:01:59 (15713 turns).

AndrolTheGreedy the Carver (Hill Orc Gladiator)    Turns: 15713, Time: 01:02:00

Health: -1/97      AC:  7    Str: 20    XL:     11   Next: 47%
Magic:  16/19      EV: 12    Int:  8    God:    Beogh [*.....]
Gold:   411        SH:  0    Dex: 14    Spells: 10/10 levels left

rFire   + . .      SeeInvis .    I - +3 triple sword (holy)
rCold   + . .      Faith    .    (shield currently unavailable)
rNeg    . . .      Spirit   .    x - +0 ring mail {rC+}
rPois   .          Reflect  .    B - +1 helmet
rElec   .          Harm     .    (no cloak)
rCorr   .          Rampage  .    C - +0 pair of gloves
Will    .....      Rage     3%   (no boots)
Stlth   +                        (no amulet)
HPRegen 0.36/turn                f - ring of protection from cold
MPRegen 0.16/turn                y - ring of fire

@: spiked
A: berserk 1, deformed body, high MP 1, noise suppression
a: Renounce Religion


You were on level 11 of the Dungeon.
You worshipped Beogh.
Beogh was aware of your devotion.
You visited 1 branch of the dungeon, and saw 11 of its levels.

You collected 507 gold pieces.
You spent 96 gold pieces at shops.

Inventory:

Hand Weapons
 v - a +2 scimitar
 A - the +8 storm bow {elec, penet}
   (You found it on level 3 of the Dungeon)
 I - a +3 triple sword of holy wrath (weapon)
 S - a +4 falchion
 V - a +2 great sword of holy wrath
Missiles
 i - 107 stones
 o - 2 poisoned darts (quivered)
 F - 4 boomerangs
Armour
 b - a +1 leather armour
 c - a +0 helmet
 l - a +0 ring mail
 x - a +0 ring mail of cold resistance (worn)
 B - a +1 helmet (worn)
 C - a +0 pair of gloves (worn)
Jewellery
 f - a ring of protection from cold (left hand)
 t - a ring of wizardry
 y - a ring of fire (right hand)
 L - a ring of willpower
 N - a ring of see invisible
 Q - a +6 ring of strength
Wands
 e - a wand of charming (30)
 E - a wand of mindburst (49)
 J - a wand of light (10)
 O - a wand of polymorph (3)
Scrolls
 a - a scroll of brand weapon {unknown}
 d - 2 scrolls of torment
 g - a scroll of identify
 h - a scroll of fear
 m - 4 scrolls of enchant armour
 p - 4 scrolls of teleportation
 s - a scroll of vulnerability
 u - 5 scrolls of amnesia
 U - a scroll of fog
Potions
 j - 4 potions of flight
 q - a potion of haste
 z - a potion of brilliance {unknown}
 D - 4 potions of attraction
 G - a potion of cancellation
 K - 2 potions of degeneration
 M - a potion of magic {unknown}
 T - a potion of lignification {unknown}


   Skills:
 + Level 9.4 Fighting
 - Level 14.0 Long Blades
 - Level 4.0 Throwing
 - Level 5.0 Armour
 - Level 3.0 Dodging
 + Level 9.3 Invocations
 - Level 1.5 Evocations


You had 10 spell levels left.
You didn't know any spells.
Your spell library contained the following spells:

 Spells                   Type           Power      Damage    Failure   Level
 Summon Small Mammal      Summ           0%         N/A       56%         1
 Blink                    Tloc           0%         N/A       71%         2
 Ensorcelled Hibernation  Hex/Ice        0%         N/A       71%         2
 Lesser Beckoning         Tloc           0%         N/A       71%         2
 Momentum Strike          Conj/Tloc      0%         3d8       71%         2
 Passwall                 Tmut/Erth      0%         N/A       71%         2
 Call Canine Familiar     Summ           0%         N/A       91%         3
 Summon Guardian Golem    Hex/Summ       0%         N/A       91%         3
 Swiftness                Air            0%         N/A       91%         3


Dungeon Overview and Level Annotations

Branches:
Dungeon (11/15)            Temple (0/1) D:5            Lair (0/5) D:8
    Orc: D:9-12

Altars:
Dithmenos
Qazlal
Trog
Uskayaw
Xom

Shops:
D:1 (   D:6 (   D:7 :

Annotations:
D:10 2 transporters


Innate Abilities, Weirdness & Mutations

You sometimes lose your temper in combat.
Armour fits poorly on your strangely shaped body.
You have an increased reservoir of magic. (+10% MP)
You passively dampen the noise of your surroundings.


Message History

The barbed spikes become lodged in your body.
The manticore flicks its tail.
The volley of spikes misses you.
Throw: 4 darts (poison)
Press: ? - help, Q - select action, (/) - cycle Shift-Dir - straight line, f/p - manticore
Aim: a manticore (lightly wounded, extremely poisoned, 75% to hit)
You throw a poisoned dart.
The poisoned dart barely misses the manticore.
The manticore flicks its tail.
The volley of spikes hits you!
The barbed spikes become lodged in your body.
Throw: 3 darts (poison)
Press: ? - help, Q - select action, (/) - cycle Shift-Dir - straight line, f/p - manticore
Aim: a manticore (lightly wounded, extremely poisoned, 75% to hit)
You throw a poisoned dart. The poisoned dart hits the manticore!
The manticore looks as sick as possible!
The manticore is lightly wounded.
You slash the manticore!
The manticore is moderately wounded.
The manticore bites you. The manticore barely misses you.
The manticore claws you!
You are too injured to fight recklessly!
You are too injured to fight recklessly!
You are too injured to fight recklessly!
You completely miss the manticore.
The manticore is heavily wounded.
The manticore bites you!!
* * * LOW HITPOINT WARNING * * *
The manticore claws you!
* * * LOW HITPOINT WARNING * * *
The manticore claws you!
* * * LOW HITPOINT WARNING * * *
Aiming: Smiting
Press: ? - help, Dir - move target, f/p - manticore Smite: a manticore (heavily wounded, extremely poisoned)
You smite the manticore!
The manticore is severely wounded.
You can no longer smite your foes.
The manticore barely misses you. The manticore claws you!
You die...

...)......#
..........#
..........#
.#######'########
#..H......#
#.........#
#.........#
##########+####
#....@........#
#...H.........#
+..(..........#
#.(...........#
#(............#
#(............#
.....#####.....#
.(... #.....#
#.....#


You could see a manticore (extremely poisoned).

Vanquished Creatures
  Erolcha (D:10)
  A two-headed ogre (D:10)
  Pikel (D:8)
  A deep elf pyromancer (D:10)
  2 gargoyles
  A kobold demonologist (D:6)
  A komodo dragon (D:10)
  A wraith (D:10)
  14 yaks
  2 steam dragons (D:8)
  3 black bears
  An ice beast (D:7)
  3 ogres (D:6)
  3 orc warriors (D:8)
  3 lemures (D:8)
  5 centaurs
  Blork the orc (D:4)
  2 kobold brigands
  A necrophage (D:7)
  2 bullfrogs
  2 gnoll sergeants
  6 scorpions
  8 wights
  14 killer bees
  2 howler monkeys (D:9)
  An electric eel (D:7)
  2 hounds
  An orc priest (D:8)
  A gnoll bouda (D:8)
  3 iguanas (D:6)
  3 orc wizards (D:8)
  10 adders
  14 gnolls
  2 shadow imps
  3 white imps
  2 ufetubi (D:6)
  4 worms
  5 dart slugs
  22 orcs
  6 ball pythons
  7 endoplasms
  3 giant cockroaches
  7 goblins
  14 hobgoblins
  6 jackals
  12 kobolds
  3 quokkas (D:1)
  7 bats
  5 frilled lizards
  8 rats
232 creatures vanquished.

Notes
Turn   | Place    | Note
-------+----------+-------------------------------------------
     0 | D:1      | AndrolTheGreedy the Hill Orc Gladiator began the quest for
                  | the Orb.
     0 | D:1      | Reached XP level 1. HP: 18/18 MP: 1/1
   131 | D:1      | Reached XP level 2. HP: 25/25 MP: 2/2
   348 | D:1      | Reached skill level 4 in Long Blades
   369 | D:1      | Reached XP level 3. HP: 30/30 MP: 3/3
   383 | D:1      | Found Ezymiodu's Antique Weapon Shop.
   872 | D:2      | Reached XP level 4. HP: 33/37 MP: 4/4
   955 | D:2      | Reached skill level 5 in Long Blades
  1517 | D:2      | Found a shadowy altar of Dithmenos.
  1884 | D:1      | Bought a scimitar for 96 gold pieces
  2041 | D:3      | Became a worshipper of Beogh the Brigand
  2195 | D:3      | Reached XP level 5. HP: 37/42 MP: 5/5
  2206 | D:3      | Found the +8 storm bow {elec, penet}
  2226 | D:3      | Reached skill level 6 in Long Blades
  3097 | D:4      | Noticed Blork the orc
  3113 | D:4      | Killed Blork the orc
  3114 | D:4      | Reached skill level 1 in Evocations
  3114 | D:4      | Reached XP level 6. HP: 35/50 MP: 6/6
  3177 | D:4      | Reached * piety under Beogh
  3450 | D:4      | Found a shimmering altar of Xom.
  3522 | D:4      | Reached skill level 1 in Invocations
  3799 | D:4      | Noticed a black bear
  3817 | D:4      | Killed a black bear
  3818 | D:4      | Reached skill level 7 in Long Blades
  3904 | D:5      | Entered Level 5 of the Dungeon
  3994 | D:5      | Reached XP level 7. HP: 48/57 MP: 9/9
  4057 | D:5      | Found a staircase to the Ecumenical Temple.
  4590 | D:5      | Reached skill level 5 in Invocations
  4681 | D:5      | Reached skill level 5 in Fighting
  4757 | D:5      | Gained mutation: Your flesh is cold resistant. (rC+)
                  | [potion of mutation]
  4757 | D:5      | Gained mutation: You expend magic power (3 MP) to
                  | strengthen your wands. [potion of mutation]
  5044 | D:5      | Reached XP level 8. HP: 60/68 MP: 11/11
  5410 | D:6      | Found Suapn's Antique Weapon Boutique.
  5736 | D:6      | Reached skill level 1 in Armour
  6249 | D:6      | Found a hide-covered altar of Uskayaw.
  6257 | D:6      | Noticed a kobold demonologist
  6518 | D:6      | Noticed a rust devil
  6525 | D:6      | Noticed a sixfirhy
  6528 | D:6      | Noticed an orange demon
  6531 | D:6      | Killed a kobold demonologist
  6969 | D:6      | Reached ** piety under Beogh
  6970 | D:6      | Reached XP level 9. HP: 73/79 MP: 12/12
  7562 | D:6      | Reached skill level 5 in Armour
  7676 | D:7      | Found Omyoleq's Vocational Training.
  7692 | D:7      | Reached skill level 8 in Long Blades
  7850 | D:7      | You fall into a shaft and drop 1 floor!
  8321 | D:7      | Lost mutation: Your flesh is cold resistant. (rC+) [potion
                  | of mutation]
  8321 | D:7      | Lost mutation: You expend magic power (3 MP) to strengthen
                  | your wands. [potion of mutation]
  8321 | D:7      | Gained mutation: Armour fits poorly on your strangely
                  | shaped body. [potion of mutation]
  8321 | D:7      | Gained mutation: You occasionally lose the ability to read
                  | scrolls when taking damage. [potion of mutation]
  8321 | D:7      | Gained mutation: You are robust. (+10% HP) [potion of
                  | mutation]
  8321 | D:7      | Gained mutation: Your flesh is cold resistant. (rC+)
                  | [potion of mutation]
  8851 | D:8      | Reached skill level 9 in Long Blades
  8952 | D:8      | Noticed Pikel
  9001 | D:8      | Killed Pikel
  9002 | D:8      | Reached skill level 10 in Long Blades
  9437 | D:8      | Found a staircase to the Lair.
  9476 | D:8      | Found a shimmering altar of Xom.
  9754 | D:8      | Reached skill level 11 in Long Blades
  9999 | D:8      | Reached XP level 10. HP: 50/94 MP: 9/13
 10135 | D:8      | Found a shadowy altar of Dithmenos.
 11179 | D:9      | Reached skill level 12 in Long Blades
 11530 | D:9      | Found a stormy altar of Qazlal.
 11647 | D:9      | Reached skill level 13 in Long Blades
 11811 | D:9      | Lost mutation: You occasionally lose the ability to read
                  | scrolls when taking damage. [potion of mutation]
 11811 | D:9      | Lost mutation: Your flesh is cold resistant. (rC+) [potion
                  | of mutation]
 11811 | D:9      | Gained mutation: You sometimes lose your temper in combat.
                  | [potion of mutation]
 11811 | D:9      | Lost mutation: You are robust. (+10% HP) [potion of
                  | mutation]
 11811 | D:9      | Gained mutation: You have an increased reservoir of magic.
                  | (+10% MP) [potion of mutation]
 11811 | D:9      | Gained mutation: You passively dampen the noise of your
                  | surroundings. [potion of mutation]
 12111 | D:9      | Identified a scroll of acquirement
 12111 | D:9      | Acquired a +1 triple sword of holy wrath
 12655 | D:10     | Entered Level 10 of the Dungeon
 12695 | D:10     | Noticed a cyan ugly thing
 12696 | D:10     | Found a transporter.
 12696 | D:10     | Noticed a purple ugly thing
 12699 | D:10     | Noticed a green ugly thing
 13014 | D:10     | Noticed a gargoyle
 13090 | D:10     | Noticed Erolcha
 13469 | D:10     | Killed Erolcha
 13470 | D:10     | Reached skill level 14 in Long Blades
 13639 | D:10     | Noticed a deep elf pyromancer
 13657 | D:10     | Killed a deep elf pyromancer
 13658 | D:10     | Reached XP level 11. HP: 73/92 MP: 17/17
 14114 | D:10     | Found a transporter.
 14188 | D:10     | a meliai changed into a harpy
 14188 | D:10     | Noticed a harpy (shapeshifter)
 14284 | D:10     | Noticed a two-headed ogre
 14319 | D:10     | Killed a two-headed ogre
 14440 | D:10     | Found a bloodstained altar of Trog.
 15212 | D:10     | Noticed an anaconda
 15218 | D:10     | an anaconda changed into a faun
 15218 | D:10     | Noticed a faun (shapeshifter)
 15355 | D:11     | Noticed a two-headed ogre
 15355 | D:11     | Noticed a rakshasa
 15366 | D:11     | Noticed a cyclops
 15481 | D:11     | Noticed a manticore
 15698 | D:11     | Noticed a manticore
 15713 | D:11     | Slain by a manticore

Illustrated notes

Levels and vault maps discovered:
D:1:      dpeg_arrival_shrine, layout_rooms, serial_shops, nicolae_shop_stone,
          minmay_cupped
D:2:      minmay_alternating_diamond, layout_basic, serial_curves,
          eino_curves_04, eino_curves_02, basic_altar
D:3:      minmay_octagon_keep, layout_basic, serial_rivers,
          chequers_serial_rivers_marsh, chequers_serial_rivers_micro_e,
          chequers_serial_rivers_small_3, chequers_serial_rivers_small_a
D:4:      layout_gridville, kennysheep_mini, uniq_blork_the_orc
D:5:      layout_basic, minmay_temple_entry_overgrown
D:6:      layout_basic, mainiacjoe_overflow_concentric_impassable,
          nicolae_stop_n_shop_1, minmay_misc_feat_rugged, chequers_garden
D:7:      layout_basic, serial_aquarium, aquarium_bridge_square
          [aquarium_subvault_bridge, aquarium_subvault_balcony,
          aquarium_subvault_wall, aquarium_subvault_bridge],
          aquarium_bridge_island_small [aquarium_subvault_small_water,
          aquarium_subvault_bridge, aquarium_subvault_wall,
          aquarium_subvault_wall, aquarium_subvault_bridge],
          aquarium_window_double, aquarium_window_2, aquarium_window_fake,
          aquarium_window_1, aquarium_view_2d, aquarium_balcony_3a,
          aquarium_pool_2, minmay_misc_feat_diagonals,
          kennysheep_cluttered_room, nicolae_shop_vocational
D:8:      layout_layer_cave, mainiacjoe_overflow_catwalk, lair_entry_dummy,
          minmay_ruined_shrine, uniq_pikel
D:9:      layout_loops_ring, grunt_qazlal_sundering, hex_tiny,
          corexii_corridor_pit
D:10:     gammafunk_corrupted_shrine, layout_irregular_city, trog_book,
          uniq_erolcha
D:11:     layout_gridville, minmay_checkerbox

Skill      XL: |  1  2  3  4  5  6  7  8  9 10 11 |
---------------+----------------------------------+-----
Throwing       | 2 4 |  4.0
Long Blades    | 4 5 6 7 11 14 | 14.0
Evocations     | 1 |  1.5
Invocations    | 3 5 6 9 |  9.3
Fighting       | 3 5 7 9 |  9.4
Dodging        | 3 |  3.0
Armour         | 4 5 |  5.0

Action                     |  1- 3 |  4- 6 |  7- 9 | 10-12 || total
---------------------------+-------+-------+-------+-------++-------
  Melee: Long sword        |   115 |    73 |       |       ||   188
         Punch             |     1 |     1 |     3 |     5 ||    10
         Scimitar          |       |   126 |   350 |    67 ||   543
         Falchion          |       |       |       |   112 ||   112
         Triple sword      |       |       |       |   120 ||   120
  Throw: Stone             |    10 |       |     1 |       ||    11
         Dart              |     4 |    29 |    36 |    23 ||    92
         Throwing net      |     3 |     6 |     3 |     1 ||    13
         Javelin           |     1 |       |     1 |       ||     2
         Boomerang         |       |       |    18 |     8 ||    26
 Invoke: Convert to Beogh  |       |     1 |       |       ||     1
         Smiting           |       |       |     5 |     6 ||    11
    Use: Scroll            |     2 |     6 |    12 |     5 ||    25
         Potion            |       |     2 |     6 |    10 ||    18
 Armour: Leather armour    |    57 |    50 |    84 |       ||   191
         Ring mail         |       |       |    20 |    70 ||    90
  Dodge: Dodged            |    85 |   124 |   257 |   170 ||   636

Table legend: (Time is in decaauts)
 A = Elapsed time spent in this place.
 B = Non-inter-level travel time spent in this place.
 C = Inter-level travel time spent in this place.
 D = Time resting spent in this place.
 E = Time spent auto-exploring this place.
 F = Levels seen in this place.
 G = Mean time per level.
                   A        B        C        D        E       F      G
               +--------+--------+--------+--------+--------+-----+--------+
         Total |  15736 |  15308 |    428 |   3752 |   7738 |  11 | 1430.5 |
       Dungeon |  15736 |  15308 |    428 |   3752 |   7738 |  11 | 1430.5 |
               +--------+--------+--------+--------+--------+-----+--------+

Top non-repeatable levels by time:
    D:10: 2432 daAuts
     D:8: 2378 daAuts
     D:6: 2188 daAuts
     D:9: 1854 daAuts
     D:5: 1533 daAuts
     D:7: 1105 daAuts
     D:2: 1031 daAuts
     D:3: 1007 daAuts
     D:4: 995 daAuts
     D:1: 917 daAuts
    D:11: 291 daAuts
